 Dungeon Crawl Stone Soup version 0.25-a0-503-ge281fa673e (webtiles) character file.

Game seed: 3159322300696941367, levelgen mode: deterministic

245 RedPan the Covered (level 6, -2/47 HPs)
             Began as a Gnoll Wanderer on Feb 13, 2020.
             Killed from afar by Ijyb (18 damage)
             ... with a bolt of acid
             ... on level 4 of the Dungeon.
             The game lasted 00:09:16 (3871 turns).

RedPan the Covered (Gnoll Wanderer)                 Turns: 3871, Time: 00:09:17

Health: -2/47      AC: 11    Str: 14    XL:     6   Next: 10%
Magic:  8/8        EV:  5    Int: 16    God:
Gold:   167        SH:  5    Dex: 15    Spells: 8/8 levels left

rFire    . . .     SeeInvis +   e - +1 long sword
rCold    + . .     Gourm    .   o - +0 buckler (curse)
rNeg     . . .     Faith    .   g - +0 plate armour (curse)
rPois    .         Spirit   .   i - +2 hat {SInv}
rElec    .         Reflect  .   (no cloak)
rCorr    .         Harm     .   (no gloves)
MR       .....                  (no boots)
Stlth    ..........             (no amulet)
HPRegen  0.15/turn              j - ring of protection from cold
MPRegen  0.11/turn              (no ring)

@: corroded
A: distributed training, fangs 1, strong nose
a: no special abilities


You were on level 4 of the Dungeon.
You were not hungry.

You visited 1 branch of the dungeon, and saw 4 of its levels.

You collected 167 gold pieces.

Inventory:

Hand Weapons
 e - a +1 long sword (weapon)
Missiles
 p - 9 arrows
Armour
 d - a +2 scale mail
 g - a cursed +0 plate armour (worn)
 i - a +2 hat of see invisible (worn)
 o - a cursed +0 buckler (worn)
Jewellery
 a - an uncursed ring of fire
 c - a +3 ring of strength {unknown}
 j - a ring of protection from cold (left hand)
Wands
 n - a wand of iceblast (8)
Scrolls
 h - 4 scrolls of identify
 l - 2 scrolls of remove curse
 q - 2 scrolls of immolation {unknown}
Potions
 b - 2 potions of curing
 k - a potion of heal wounds
 m - a potion of magic
Comestibles
 f - 11 rations


   Skills:
 + Level 3.1 Fighting
 + Level 1.7 Short Blades
 + Level 4.9 Long Blades
 + Level 1.7 Axes
 + Level 1.7 Maces & Flails
 + Level 1.7 Polearms
 + Level 1.7 Staves
 + Level 1.7 Slings
 + Level 4.9 Bows
 + Level 1.7 Crossbows
 + Level 1.7 Throwing
 + Level 6.7 Armour
 + Level 1.7 Dodging
 + Level 1.7 Stealth
 + Level 3.1 Shields
 + Level 1.7 Unarmed Combat
 + Level 1.7 Spellcasting
 + Level 1.3 Conjurations
 + Level 1.3 Hexes
 + Level 1.3 Charms
 + Level 1.3 Summonings
 + Level 1.3 Necromancy
 + Level 1.3 Translocations
 + Level 1.3 Transmutations
 + Level 1.3 Fire Magic
 + Level 1.3 Ice Magic
 + Level 1.3 Air Magic
 + Level 1.3 Earth Magic
 + Level 1.3 Poison Magic
 + Level 2.0 Invocations
 + Level 3.1 Evocations


You had 8 spell levels left.
You didn't know any spells.
Your spell library was empty.

Dungeon Overview and Level Annotations

Branches:
Dungeon (4/15)
 Temple: D:4-7

Altars:
Elyvilon
Yredelemnul

Annotations:
D:4 Ijyb


Innate Abilities, Weirdness & Mutations

Your experience applies equally to all skills.
You have very sharp teeth.
Your uncanny sense of smell can sniff out nearby items.


Message History

Ijyb is heavily wounded.
Ijyb zaps a wand.
The bolt of acid hits you. The acid corrodes you!
You are splashed with acid!
You closely miss Ijyb. You bite Ijyb, but do no damage.
Ijyb is heavily wounded.
Ijyb hits you but does no damage.
You hit Ijyb but do no damage.
Ijyb is heavily wounded.
Ijyb hits you but does no damage. x2
You hit Ijyb.
Ijyb is heavily wounded.
Ijyb hits you but does no damage.
You closely miss Ijyb.
Ijyb is heavily wounded.
Ijyb hits you but does no damage.
You hit Ijyb.
Ijyb is severely wounded.
Ijyb zaps a wand.
The bolt of acid hits you!!
You die...

... #.# #.# #.# #.#
##+## #.# ##...##
#g# #### ##.....##
#@# ....
##.......###.#..####
#.........##.......#
+.........'........#
#.........####.....#
#.......## ...###
##.....## .$...
##...## #.### ##'##
.#


You could see Ijyb.

Vanquished Creatures
  An iguana (D:4)
  Natasha (thrice) (D:2)
  6 adders
  4 worms (D:2)
  3 dart slugs
  2 leopard geckos (D:1)
  2 orcs
  2 giant cockroaches
  7 goblins
  12 hobgoblins
  9 kobolds
  A quokka (D:3)
  10 bats
  5 frilled lizards
  2 gnoll zombies (D:2)
  6 rats
75 creatures vanquished.

Notes
Turn   | Place    | Note
-------+----------+-------------------------------------------
     0 | D:1      | RedPan the Gnoll Wanderer began the quest for the Orb.
     0 | D:1      | RedPan set off with the following items: a +0 dagger, a
                  | potion of curing, a +0 buckler, a +2 scale mail, a ration
     0 | D:1      | Reached XP level 1. HP: 17/17 MP: 2/2
   249 | D:1      | Reached XP level 2. HP: 23/23 MP: 3/3
   395 | D:1      | Reached XP level 3. HP: 19/28 MP: 4/4
  1127 | D:2      | Reached skill level 1 in Invocations
  1393 | D:2      | Reached skill level 1 in Short Blades
  1393 | D:2      | Reached skill level 1 in Axes
  1393 | D:2      | Reached skill level 1 in Maces & Flails
  1393 | D:2      | Reached skill level 1 in Polearms
  1393 | D:2      | Reached skill level 1 in Staves
  1393 | D:2      | Reached skill level 1 in Slings
  1393 | D:2      | Reached skill level 1 in Crossbows
  1393 | D:2      | Reached skill level 1 in Throwing
  1393 | D:2      | Reached skill level 1 in Dodging
  1393 | D:2      | Reached skill level 1 in Stealth
  1393 | D:2      | Reached skill level 1 in Unarmed Combat
  1393 | D:2      | Reached skill level 1 in Spellcasting
  1473 | D:2      | Reached XP level 4. HP: 23/34 MP: 6/6
  1590 | D:2      | Noticed Natasha
  1599 | D:2      | Killed Natasha
  1604 | D:2      | Noticed Natasha
  1631 | D:2      | Killed Natasha
  1631 | D:2      | Reached skill level 1 in Conjurations
  1631 | D:2      | Reached skill level 1 in Hexes
  1631 | D:2      | Reached skill level 1 in Charms
  1631 | D:2      | Reached skill level 1 in Summonings
  1631 | D:2      | Reached skill level 1 in Necromancy
  1631 | D:2      | Reached skill level 1 in Translocations
  1631 | D:2      | Reached skill level 1 in Transmutations
  1631 | D:2      | Reached skill level 1 in Fire Magic
  1631 | D:2      | Reached skill level 1 in Ice Magic
  1631 | D:2      | Reached skill level 1 in Air Magic
  1631 | D:2      | Reached skill level 1 in Earth Magic
  1631 | D:2      | Reached skill level 1 in Poison Magic
  1732 | D:2      | Noticed Natasha
  1751 | D:2      | Killed Natasha
  1751 | D:2      | Reached XP level 5. HP: 16/40 MP: 7/7
  1956 | D:2      | Found a white marble altar of Elyvilon.
  2612 | D:2      | Found a basalt altar of Yredelemnul.
  3413 | D:4      | Reached XP level 6. HP: 8/47 MP: 8/8
  3855 | D:4      | Noticed Ijyb
  3871 | D:4      | Killed from afar by Ijyb

Levels and vault maps discovered:
D:1:      roderic_dead_forest, layout_basic, chequers_jeans
D:2:      layout_basic, lemuel_zombie_altar_yredelemnul, lemuel_tele_altar,
          uniq_natasha
D:3:      layout_basic, first_ration
D:4:      layout_loops_corners, serial_shops, shop, uniq_ijyb, uniq_grinder

Skill      XL: |  1  2  3  4  5  6 |
---------------+-------------------+-----
Invocations    | 1 2 |  2.0
Short Blades   | 1 |  1.7
Axes           | 1 |  1.7
Maces & Flails | 1 |  1.7
Polearms       | 1 |  1.7
Staves         | 1 |  1.7
Slings         | 1 |  1.7
Crossbows      | 1 |  1.7
Throwing       | 1 |  1.7
Dodging        | 1 |  1.7
Stealth        | 1 |  1.7
Unarmed Combat | 1 |  1.7
Spellcasting   | 1 |  1.7
Conjurations   | 1 |  1.3
Hexes          | 1 |  1.3
Charms         | 1 |  1.3
Summonings     | 1 |  1.3
Necromancy     | 1 |  1.3
Translocations | 1 |  1.3
Transmutations | 1 |  1.3
Fire Magic     | 1 |  1.3
Ice Magic      | 1 |  1.3
Air Magic      | 1 |  1.3
Earth Magic    | 1 |  1.3
Poison Magic   | 1 |  1.3
Fighting       | 3 |  3.1
Shields        | 3 |  3.1
Evocations     | 3 |  3.1
Long Blades    | |  4.9
Bows           | |  4.9
Armour         | |  6.7

Action                   |  1- 3 |  4- 6 || total
-------------------------+-------+-------++-------
Melee: Dagger            |    40 |       ||    40
       Bite              |    16 |    24 ||    40
       Short sword       |    92 |       ||    92
       Long sword        |    29 |   190 ||   219
  Use: Scroll            |     5 |     3 ||     8
       Potion            |       |     2 ||     2
  Eat: Chunk             |     2 |     8 ||    10
Armor: Scale mail        |    67 |    63 ||   130
       Plate armour      |       |    46 ||    46
Dodge: Dodged            |    53 |    69 ||   122
Block: Buckler           |    27 |    40 ||    67
       Rpst.: Long sword |     2 |    19 ||    21

Table legend:
 A = Non-vault XP
 B = Vault XP
 C = Vault XP percentage of total XP
 D = Non-vault monster count
 E = Vault monster count
 F = Vault count percentage of total count
                 A         B        C        D         E       F
            +---------+---------+-------+---------+---------+-------
      Total |     313 |      37 |  10.6 |      72 |       3 |   4.0
            +---------+---------+-------+---------+---------+-------
        D:1 |      49 |       0 |   0.0 |      26 |       0 |   0.0
        D:2 |     147 |      37 |  20.1 |      20 |       3 |  13.0
        D:3 |      48 |       0 |   0.0 |      21 |       0 |   0.0
        D:4 |      69 |       0 |   0.0 |       5 |       0 |   0.0
            +---------+---------+-------+---------+---------+-------
